 Dungeon Crawl Stone Soup version 0.28-a0-983-g1de4e0787c (webtiles) character file.

Game seed: 5685300838635756216

69 tatocazan the Skirmisher (level 4, 35/35 HPs)
             Began as a Demonspawn Fighter on Dec 3, 2021.
             Quit the game on level 2 of the Dungeon.
             The game lasted 00:01:30 (1911 turns).

tatocazan the Skirmisher (Demonspawn Fighter)       Turns: 1911, Time: 00:01:31

Health: 35/35      AC:  6    Str: 19    XL:     4   Next: 2%
Magic:  4/4        EV:  9    Int:  9    God:
Gold:   45         SH:  4    Dex: 12    Spells: 3/3 levels left

rFire   . . .      SeeInvis .   a - +0 war axe
rCold   . . .      Faith    .   c - +0 buckler
rNeg    . . .      Spirit   .   b - +0 scale mail
rPois   .          Reflect  .   (no helmet)
rElec   .          Harm     .   (no cloak)
rCorr   .          Rampage  .   (no gloves)
Will    .....                   (no boots)
Stlth   ..........              (no amulet)
HPRegen 0.11/turn               (no ring)
MPRegen 0.09/turn               (no ring)

@: no status effects
A: demonic magic 1, weakness stinger 1
a: no special abilities


You were on level 2 of the Dungeon.
You visited 1 branch of the dungeon, and saw 2 of its levels.

You collected 45 gold pieces.

Inventory:

Hand Weapons
 a - a +0 war axe (weapon)
Armour
 b - a +0 scale mail (worn)
 c - a +0 buckler (worn)
Jewellery
 j - a +6 ring of intelligence
Scrolls
 e - a scroll of holy word {unknown}
 h - a scroll of brand weapon {unknown}
 i - a scroll of identify {unknown}
Potions
 d - a potion of might
 f - a potion of curing {unknown}
 g - 2 potions of invisibility {unknown}


   Skills:
 + Level 3.5 Fighting
 + Level 2.4 Axes
 + Level 3.2 Armour
 + Level 3.1 Shields


You had 3 spell levels left.
You didn't know any spells.
Your spell library contained the following spells:

 Spells                   Type           Power      Damage    Failure   Level
 Sandblast                Erth           0%         2d4       80%         1
 Passwall                 Tmut/Erth      0%         N/A       90%         2
 Stone Arrow              Conj/Erth      0%         3d7       99%         3


Dungeon Overview and Level Annotations

Branches:
Dungeon (2/15)

Altars:


Innate Abilities, Weirdness & Mutations

Spells you cast may paralyse adjacent enemies.
You have a small tail.


Message History

You closely miss the frilled lizard.
The frilled lizard bites you but does no damage.
You slash the frilled lizard!
You kill the frilled lizard!
No target in view!
No target in view!
No target in view!
No target in view!
No target in view!
No target in view!
No target in view!
No target in view!
A hobgoblin comes into view. It is quivering curare-tipped darts.
The hobgoblin shouts!
Health restored: 29 A hobgoblin is nearby!
A hobgoblin is nearby!
A hobgoblin is nearby!
A bat comes into view.
Found a potion of might.
You hit the hobgoblin.
The hobgoblin is heavily wounded.
You slash the bat!
You kill the bat!
The hobgoblin barely misses you.
The hobgoblin hits you but does no damage.
You have reached level 4!
You feel stronger.
Your demonic ancestry asserts itself...
A menacing aura infuses your magic.
Health restored: 35; MP restored: 4 You barely miss the hobgoblin.
Your tail-slap misses the hobgoblin.
The hobgoblin is heavily wounded.
The hobgoblin closely misses you.
You slash the hobgoblin!
You kill the hobgoblin!
No target in view!
No target in view!
Found a faded altar of an unknown god.
There is a stone staircase leading up here.
Are you sure you want to abandon this character and quit the game? (Confirm with "yes".)

############.# #.#
#..........#.# #.#
#..........#.# #.#
###### #..........#.#
#.# >....##
#..†......[#.# #.##
.)....##
#..........#.# #..###
...[...#
#..........#.# ##.#.#
.......#
#####.....##.# #≈♣≈♣#
.......# #..@#.##.#
#P≈≈P# .......#
##...#.##.#####≈≈♣#
.......#
##....#.##.......P.#
......##
#..#.##.#######....#
.....## ###.##.#..#
#....# ######
#...##.#.## #....#
....>..###..(##.#.####
##....#
######...............#
#.....#
#####.####...##.##
#.....#


There were no monsters in sight!

Vanquished Creatures
  A gnoll (D:1)
  4 dart slugs (D:1)
  3 bats
  5 endoplasms
  7 goblins
  3 hobgoblins (D:2)
  7 kobolds
  7 quokkas
  5 ball pythons (D:1)
  A frilled lizard (D:2)
  3 rats (D:1)
46 creatures vanquished.

Notes
Turn   | Place    | Note
-------+----------+-------------------------------------------
     0 | D:1      | tatocazan the Demonspawn Fighter began the quest for the
                  | Orb.
     0 | D:1      | Reached XP level 1. HP: 18/18 MP: 1/1
   162 | D:1      | Discovered your monstrous ancestry.
   162 | D:1      | Gained mutation: You have a small tail. [demonic ancestry]
   162 | D:1      | Reached XP level 2. HP: 17/24 MP: 2/2
   470 | D:1      | Reached XP level 3. HP: 24/29 MP: 3/3
  1877 | D:2      | Gained mutation: Spells you cast may paralyse adjacent
                  | enemies. [demonic ancestry]
  1877 | D:2      | Reached XP level 4. HP: 35/35 MP: 4/4
  1894 | D:2      | Found a faded altar of an unknown god.
  1911 | D:2      | Quit the game

Illustrated notes

Levels and vault maps discovered:
D:1:      amcnicky_arrival_single_pillar, layout_basic, grunt_decor_clamped
D:2:      layout_rooms, dreamdust_ecumenical_altar_angels_and_demons,
          serial_bayou_pond_d

Skill      XL: |  1  2 |
---------------+-------+-----
Axes           | 2 |  2.4
Armour         | 3 |  3.2
Shields        | 3 |  3.1
Fighting       | |  3.5

Action                   |  1- 3 |  4- 6 || total
-------------------------+-------+-------++-------
Melee: War axe           |   111 |     2 ||   113
       Tailslap          |     9 |       ||     9
Armor: Scale mail        |    47 |       ||    47
Dodge: Dodged            |    51 |     1 ||    52
Block: Buckler           |    30 |       ||    30

Table legend: (Time is in decaauts)
 A = Elapsed time spent in this place.
 B = Non-inter-level travel time spent in this place.
 C = Inter-level travel time spent in this place.
 D = Time resting spent in this place.
 E = Time spent auto-exploring this place.
 F = Levels seen in this place.
 G = Mean time per level.
                   A        B        C        D        E       F      G
               +--------+--------+--------+--------+--------+-----+--------+
         Total |   1959 |   1894 |     65 |    121 |   1476 |   2 |  979.5 |
       Dungeon |   1959 |   1894 |     65 |    121 |   1476 |   2 |  979.5 |
               +--------+--------+--------+--------+--------+-----+--------+

Top non-repeatable levels by time:
     D:1: 1433 daAuts
     D:2: 525 daAuts
